Map: [ESL] Ghost River

Players

Nanami

  • Race: Protoss Protoss
  • Spawn Location: 1:00

Nice - Winner!

  • Race: Protoss Protoss
  • Spawn Location: 11:00

Event: ESL SC2 Masters 2024 Spring (Regional)

VOD

Have the link to the VOD?

Description

Time

  • Played on: April 25, 2024, 8:17 a.m.
  • Length: 5:47

All games in this series

Show
View Real Time Build Order
Export as new Build Order

Nanami Protoss 

Build Orders:  

Get SALT Encoding   

  12  0:00  Probe  
  13  0:12  Probe  
  14  0:24  Probe  
  15  0:29  Pylon  
  15  0:47  Gateway  
  15  0:50  Gateway  
  15  0:59  Probe  
  15  1:03  Assimilator  
  16  1:07  Pylon  
  16  1:11  Probe  
  17  1:23  Probe  
  18  1:34  Zealot (Chrono Boost)  
  18  1:35  Probe  
  18  1:37  Zealot (Chrono Boost)  
  23  1:40  Cybernetics Core  
  23  1:47  Probe  
  23  1:52  Zealot (Chrono Boost)  
  26  2:01  Pylon  
  28  2:09  Zealot (Chrono Boost)  
  28  2:17  Stalker (Chrono Boost)  
  26  2:23  Probe  
  26  2:27  Assimilator  
  27  2:33  Stalker (Chrono Boost)  
  27  2:35  Probe  
  30  2:47  Stalker, Probe  
  31  3:01  Stalker  
  31  3:14  Robotics Facility  
  31  3:19  Stalker  
  33  3:23  Pylon  
  33  3:30  Warp Gate  
  33  3:42  Stalker  
  35  3:51  Shield Battery  
  35  3:57  Stalker  
  35  4:02  Immortal (Chrono Boost)  
  41  4:31  Warp Prism (Chrono Boost)  
  43  4:40  Pylon  
  43  4:47  Pylon  
  42  4:58  Probe  
  40  5:05  Immortal  
  40  5:21  Probe  
Show
View Real Time Build Order
Export as new Build Order

Nice Protoss - Winner!

Build Orders:  

Get SALT Encoding   

  12  0:00  Probe  
  13  0:12  Probe  
  14  0:17  Pylon  
  14  0:24  Probe (Chrono Boost)  
  16  0:36  Probe (Chrono Boost), Gateway  
  16  0:41  Probe (Chrono Boost)  
  16  0:46  Assimilator  
  18  1:01  Gateway  
  17  1:08  Pylon, Probe  
  18  1:24  Zealot (Chrono Boost), Cybernetics Core  
  18  1:30  Probe  
  21  1:43  Probe  
  21  1:45  Zealot (Chrono Boost)  
  24  1:52  Pylon  
  24  1:59  Stalker (Chrono Boost)  
  28  2:17  Stalker (Chrono Boost)  
  25  2:26  Probe  
  25  2:29  Pylon  
  26  2:33  Stalker  
  28  2:38  Probe  
  28  2:42  Shield Battery  
  29  2:47  Warp Gate (Chrono Boost)  
  29  2:50  Probe  
  28  2:53  Assimilator  
  28  3:08  Probe  
  28  3:11  Gateway  
  29  3:16  Stalker  
  31  3:27  Shield Battery  
  33  3:45  Gateway  
  33  3:47  Sentry  
  33  3:56  Robotics Facility  
  33  4:00  Pylon  
  33  4:28  Pylon, Stalker  
  33  4:29  Stalker x2  
  39  4:46  Immortal (Chrono Boost)  
  43  4:57  Stalker  
  45  5:08  Pylon  
  45  5:13  Zealot x2, Stalker  
Tags
 
Add a new tag
Caveats
  • Supply blocks, unpowered buildings, or Contaminate may cause inaccurate times.
  • Supply counts are checked every 10 seconds.